 Dungeon Crawl Stone Soup version 0.28-b1-1-g3c77fb2ed1 (webtiles) character file.

Game seed: 6782840652255269478

27 cayde69 the Ruffian (level 2, 0/23 HPs)
             Began as a Draconian Transmuter on Jan 28, 2022.
             Slain by Robin (1 damage)
             ... on level 2 of the Dungeon.
             The game lasted 00:07:33 (686 turns).

cayde69 the Ruffian (Draconian Transmuter)           Turns: 686, Time: 00:07:34

Health: 0/23       AC:  4    Str: 12    XL:     2   Next: 93%
Magic:  5/5        EV: 12    Int: 13    God:
Gold:   54         SH:  0    Dex: 11    Spells: 4/5 levels left

rFire   . . .      SeeInvis .     - Unarmed
rCold   . . .      Faith    .   (no shield)
rNeg    . . .      Spirit   .   (armour unavailable)
rPois   .          Reflect  .   (helmet restricted)
rElec   .          Harm     .   (no cloak)
rCorr   .          Rampage  .   (no gloves)
Will    +....                   (no boots)
Stlth   +.........              (no amulet)
HPRegen 0.07/turn               d - ring of willpower
MPRegen 0.09/turn               (no ring)

@: brilliant
A: AC +4, unfitting armour, cold-blooded
a: no special abilities


You were on level 2 of the Dungeon.
You visited 1 branch of the dungeon, and saw 2 of its levels.

You collected 54 gold pieces.

Inventory:

Jewellery
 d - a ring of willpower (left hand)
Scrolls
 a - a scroll of identify {unknown}
 c - a scroll of summoning {unknown}


   Skills:
 * Level 1.2 Fighting
 + Level 2.0 Dodging
 + Level 0.3 Stealth
 + Level 3.4 Unarmed Combat
 + Level 2.2 Spellcasting
 + Level 2.3 Transmutations


You had 4 spell levels left.
You knew the following spells:

 Your Spells              Type           Power      Damage    Failure   Level
a - Beastly Appendage     Tmut           22%        N/A       10%         1

Your spell library contained the following spells:

 Spells                   Type           Power      Damage    Failure   Level
 Wereblood                Tmut           11%        N/A       14%         2
 Spider Form              Tmut/Pois      6%         N/A       43%         3
 Ice Form                 Ice/Tmut       6%         N/A       83%         4


Dungeon Overview and Level Annotations

Branches:
Dungeon (2/15)

Altars:

Annotations:
D:2 Robin


Innate Abilities, Weirdness & Mutations

Your plain brown scales are hard. (AC +4)
You cannot fit into any form of body armour.
You are cold-blooded and may be slowed by cold attacks.


Message History

Robin barely misses you.
The hobgoblin hits you but does no damage.
You are too injured to fight recklessly!
You are too injured to fight recklessly!
You are too injured to fight recklessly!
The hobgoblin no longer looks unusually strong.
The goblin hits you with a +0 dagger.
Robin laughs in a distinctly smug fashion.
Items here: ( )))))) †††.
You punch the goblin!
You kill the goblin!
The hobgoblin hits you.
* * * LOW HITPOINT WARNING * * *
You hit the hobgoblin.
The hobgoblin is heavily wounded.
The hobgoblin no longer looks unusually strong.
Robin says, "A pitiful Draconian like you will never find the ORB!"
Robin closely misses you.
You barely miss the hobgoblin.
The hobgoblin is heavily wounded.
The hobgoblin misses you. Robin barely misses you.
You are too injured to fight recklessly!
You are too injured to fight recklessly!
You are too injured to fight recklessly!
You are too injured to fight recklessly!
You are too injured to fight recklessly!
You hit the hobgoblin.
You kill the hobgoblin!
The hobgoblin misses you. Robin closely misses you.
Items here: )) †††.
The hobgoblin hits you but does no damage.
Robin roars a battlecry!
The hobgoblin goes into a battle-frenzy!
The hobgoblin hits you but does no damage.
There is a stone staircase leading up here.
You can't go down here!
The hobgoblin hits you.
* * * LOW HITPOINT WARNING * * *
Robin hits you with a +1 falchion of protection.
You die...

#.#######
#.....))#
#.#####)########
.[.............#
...............#
.......gg......#
........@......#
...............#
...............#
...............#
...............#
......##########
...... #####


You could see Robin and a hobgoblin (strong).

Vanquished Creatures
  2 endoplasms (D:1)
  2 hobgoblins (D:2)
  A quokka (D:1)
  4 ball pythons (D:1)
  3 bats (D:1)
  3 frilled lizards
  10 goblins
  A kobold (D:2)
  A rat (D:1)
27 creatures vanquished.

Notes
Turn   | Place    | Note
-------+----------+-------------------------------------------
     0 | D:1      | cayde69 the Draconian Transmuter began the quest for the
                  | Orb.
     0 | D:1      | Reached XP level 1. HP: 16/16 MP: 3/3
   397 | D:1      | Reached XP level 2. HP: 23/23 MP: 3/5
   647 | D:2      | Noticed Robin
   686 | D:2      | HP: 1/23 [hobgoblin[Robin] (2)]
   686 | D:2      | Slain by Robin

Illustrated notes

Levels and vault maps discovered:
D:1:      minmay_arrival_diagonal_passages, layout_basic
D:2:      layout_rooms, nrook_loot_triangle, uniq_robin

Skill      XL: |  1  2 |
---------------+-------+-----
Dodging        | 2 |  2.0
Fighting       | |  1.2
Stealth        | |  0.3
Unarmed Combat | |  3.4
Spellcasting   | |  2.2
Transmutations | |  2.3

Action                   || total
-------------------------++-------
Melee: Unarmed           ||    60
       Tailslap          ||     5
       Kick              ||     6
       Headbutt          ||     1
       Punch             ||     1
 Cast: Beastly Appendage ||     9
  Use: Potion            ||     1
 Stab: Sleeping          ||     1
Armor: Skin              ||    16
Dodge: Dodged            ||    46
